 Dungeon Crawl Stone Soup version 0.30.0-29-ga12c61a403 (webtiles) character file.

Game seed: 63150451388598930

22 ChadusMaximus the Caller (level 2, -4/19 HPs)
             Began as a Barachi Summoner on June 23, 2023.
             Slain by a worm (10 damage)
             ... on level 2 of the Dungeon.
             The game lasted 00:01:25 (1092 turns).

ChadusMaximus the Caller (Barachi Summoner)         Turns: 1092, Time: 00:01:25

Health: -4/19      AC:  3    Str:  9    XL:     2   Next: 91%
Magic:  4/5        EV: 12    Int: 15    God:
Gold:   27         SH:  0    Dex: 12    Spells: 5/6 levels left

rFire   . . .        g - +0 hand axe
rCold   . . .        (no shield)
rNeg    . . .        a - +0 robe
rPois   .            j - +0 helmet
rElec   .            (no cloak)
rCorr   .            (no gloves)
SInv    .            (no boots)
Will    .....        (no amulet)
Stlth   ++           (no ring)
HPRegen 0.23/turn    (no ring)
MPRegen 0.09/turn

%: no passive effects
@: slow
A: amphibious, slowness 1, strong legs 1, +LOS
a: Hop


You were on level 2 of the Dungeon.
You visited 1 branch of the dungeon, and saw 2 of its levels.

You collected 27 gold pieces.

Inventory:

Hand Weapons
 g - a +0 hand axe (weapon)
Armour
 a - a +0 robe (worn)
 j - a +0 helmet (worn)
Scrolls
 d - a scroll of poison {unknown}
 e - a scroll of magic mapping {unknown}
 f - a scroll of identify {unknown}
Potions
 b - a potion of magic
 c - 2 potions of flight {unknown}
 h - a potion of mutation {unknown}
 i - a potion of heal wounds {unknown}


   Skills:
 - Level 2.5 Dodging
 - Level 2.1 Stealth
 + Level 2.5 Spellcasting
 * Level 5.2 Summonings


You had 5 spell levels left.
You knew the following spells:

 Your Spells              Type           Power      Damage    Failure   Level
a - Summon Small Mammal   Summ           68%        N/A       2%          1

Your spell library contained the following spells:

 Spells                   Type           Power      Damage    Failure   Level
 Call Imp                 Summ           34%        N/A       3%          2
 Call Canine Familiar     Summ           17%        N/A       8%          3
 Summon Guardian Golem    Hex/Summ       9%         N/A       22%         3
 Summon Lightning Spire   Summ/Air       9%         N/A       56%         4


Dungeon Overview and Level Annotations

Branches:
Dungeon (2/15)

Altars:

Shops:
D:1 (

Annotations:
D:2 Terence


Innate Abilities, Weirdness & Mutations

You are amphibious.
You cover ground slowly.
You can hop short distances.
You have an extended range of vision and can be seen from far away.


Message History

Terence the Incautious comes into view.
He is wielding a +0 short sword and wearing a +1 chain mail of fire resistance.
Terence is nearby!
Terence is nearby!
Casting: Summon Small Mammal (safe; 2% risk of failure)
Confirm with . or Enter, or press ? or * to list all spells.
Your quokka disappears in a puff of smoke!
Casting: Summon Small Mammal (safe; 2% risk of failure)
Confirm with . or Enter, or press ? or * to list all spells.
Found a stone staircase leading up.
Your bat disappears in a puff of smoke!
A worm comes into view.
Your rat disappears in a puff of smoke!
Found a stone staircase leading down.
Casting: Summon Small Mammal (safe; 2% risk of failure)
Confirm with . or Enter, or press ? or * to list all spells.
You don't know that spell.
Okay, then.
The helpless worm fails to defend itself.
You hit the worm.
The worm is lightly wounded.
The worm bites you!
Ouch! That really hurt!
You hit the worm.
The worm is moderately wounded.
You hit the worm.
The worm is heavily wounded.
The worm closely misses you.
You hit the worm but do no damage.
The worm is heavily wounded.
The worm bites you.
Casting: Summon Small Mammal (safe; 2% risk of failure)
Confirm with . or Enter, or press ? or * to list all spells.
You hit the worm.
The worm is heavily wounded.
The worm bites you.
You barely miss the worm.
The worm is heavily wounded.
The worm bites you!
Ouch! That really hurt!
You die...

...# #...## #.... #. ....#
.#.. ## #...# .....##.
...#### .......w##.....#
......>r@......#
...............#
#.#..................# .
#............###.#####
..#............###.#
..........<......#.# ..
.....##..#..#.#.##
....................# #
#.##.#..#####..#.#..####.#


You could see a worm (ally target) and a friendly rat (summoned).

Vanquished Creatures
  A bat (D:1)
  3 endoplasms (D:1)
  2 giant cockroaches (D:1)
  A hobgoblin (D:1)
  2 quokkas
  A frilled lizard (D:1)
  2 kobolds (D:1)
12 creatures vanquished.

Vanquished Creatures (collateral kills)
  A bat (D:1)
  An endoplasm (D:1)
  A goblin (D:2)
  A ball python (D:1)
  4 rats
8 creatures vanquished.

Grand Total: 20 creatures vanquished

Notes
Turn   | Place    | Note
-------+----------+-------------------------------------------
     0 | D:1      | ChadusMaximus the Barachi Summoner began the quest for the
                  | Orb.
     0 | D:1      | Reached XP level 1. HP: 13/13 MP: 3/3
    68 | D:1      | Found Qeddityu's Weapon Shop.
   275 | D:1      | Reached XP level 2. HP: 16/19 MP: 3/5
   296 | D:1      | Reached skill level 5 in Summonings
  1055 | D:2      | Noticed Terence
  1092 | D:2      | Slain by a worm

Illustrated notes

Levels and vault maps discovered:
D:1:      minmay_arrival_four_houses, layout_loops_ring, serial_shops, shop
D:2:      layout_basic, uniq_terence

Skill      XL: |  1  2 |
---------------+-------+-----
Stealth        | 2 |  2.1
Summonings     | 5 |  5.2
Dodging        | |  2.5
Spellcasting   | |  2.5

Action                     || total
---------------------------++-------
  Melee: Unarmed           ||    58
         Hand axe          ||    37
   Cast: Summon Small Mamm ||    22
   Stab: Sleeping          ||     6
 Armour: Robe              ||    31
  Dodge: Dodged            ||    84
